 Dungeon Crawl Stone Soup version 0.28-a0-1387-g3a22ab9bdc (webtiles) character file.

Game seed: 504759252471702116

86 ReploidZero the Firebug (level 4, -12/33 HPs)
             Began as a Hill Orc Fire Elementalist on Jan 3, 2022.
             Killed from afar by Ijyb (45 damage)
             ... with a bolt of acid
             ... on level 3 of the Dungeon.
             The game lasted 00:09:19 (2294 turns).

ReploidZero the Firebug (HOFE)                      Turns: 2294, Time: 00:09:20

Health: -12/33     AC:  2    Str: 13    XL:     4   Next: 50%
Magic:  7/7        EV: 12    Int: 17    God:
Gold:   139        SH:  0    Dex: 16    Spells: 1/7 levels left

rFire   . . .      SeeInvis .   h - +5 rapier of Famomiba {venom, Fragile rElec Str+3 Dex+5}
rCold   . . .      Faith    .   (no shield)
rNeg    . . .      Spirit   .   a - +0 robe
rPois   .          Reflect  .   (no helmet)
rElec   +          Harm     .   (no cloak)
rCorr   .          Rampage  .   (no gloves)
Will    .....                   (no boots)
Stlth   ++........              (no amulet)
HPRegen 0.11/turn               (no ring)
MPRegen 0.10/turn               (no ring)

@: no status effects
A: no striking features
a: no special abilities


You were on level 3 of the Dungeon.
You visited 1 branch of the dungeon, and saw 3 of its levels.

You collected 139 gold pieces.

Inventory:

Hand Weapons
 d - a +2 spear of flaming
 h - the +5 rapier of Famomiba (weapon) {venom, Fragile rElec Str+3 Dex+5}
   (You found it on level 2 of the Dungeon)

   It poisons the flesh of those it strikes.
   Str:       It affects your strength (+3).
   Dex:       It affects your dexterity (+5).
   rElec:     It insulates you from electricity.
   Fragile:   It will be destroyed if unequipped.
Armour
 a - a +0 robe (worn)
Scrolls
 b - a scroll of teleportation
 e - 3 scrolls of identify
 f - a scroll of magic mapping
Potions
 c - a potion of berserk rage
 g - a potion of curing
 i - a potion of resistance {unknown}
 j - a potion of cancellation {unknown}


   Skills:
 - Level 1.5 Dodging
 - Level 1.6 Stealth
 + Level 2.3 Spellcasting
 + Level 2.3 Conjurations
 + Level 4.2 Fire Magic


You had one spell level left.
You knew the following spells:

 Your Spells              Type           Power      Damage    Failure   Level
a - Foxfire               Conj/Fire      52%        2x1d6     4%          1
b - Scorch                Fire           32%        2d6       4%          2
c - Conjure Flame         Conj/Fire      13%        6-21      14%         3

Your spell library contained the following spells:

 Spells                   Type           Power      Damage    Failure   Level
 Inner Flame              Hex/Fire       9%         N/A       24%         3
 Flame Wave               Conj/Fire      13%        2d5       43%         4
 Gell's Gravitas          Tloc           2%         N/A       50%         3
 Lesser Beckoning         Tloc           2%         N/A       50%         3
 Teleport Other           Tloc           2%         N/A       50%         3


Dungeon Overview and Level Annotations

Branches:
Dungeon (3/15)

Altars:

Annotations:
D:3 Ijyb


Message History

No target in view!
No target in view!
You now have 125 gold pieces (gained 8).
Found a stone staircase leading down.
You now have 133 gold pieces (gained 8).
A hobgoblin comes into view.
The hobgoblin shouts!
No target in view!
No target in view!
No target in view!
You hit the hobgoblin.
You kill the hobgoblin!
No target in view!
No target in view!
No target in view!
Your movement speed is average.
Your attack delay is about 1.2.
Your base attributes are Str 10, Int 17, Dex 11.
Unknown command.
No target in view!
No target in view!
Found 20 bolts.
No target in view!
No target in view!
No target in view!
You see here 20 bolts.
i - a bubbling inky potion No target in view!
No target in view!
No target in view!
You now have 139 gold pieces (gained 6).
j - an amethyst potion No target in view!
No target in view!
No target in view!
Ijyb the Twisted Goblin comes into view.
She is wielding a +0 dagger and carrying a wand of acid (7).
Ijyb shouts!
Ijyb is nearby!
Ijyb zaps a wand.
The bolt of acid hits you!!!
Ouch! That really hurt!
You die...

#......#.....#
.##.........#.....## #
...................#####
................#.......
...g............#.......
.........###.#+###......
.........###+#....#+#...
..................#.#...
.......@............#.#.
....................#...
.............####...#...
.......###...# #...#...
....... #...# #####...
....... ###.##+#####.#.
....... #..........#.
....#.. #............
.## #........(###


You could see Ijyb.

Vanquished Creatures
  An adder (D:2)
  3 worms (D:2)
  4 dart slugs
  6 bats
  6 endoplasms
  2 giant cockroaches
  3 goblins
  4 hobgoblins
  5 kobolds
  3 quokkas
  5 ball pythons
  5 frilled lizards
  13 rats
60 creatures vanquished.

Vanquished Creatures (others)
  59 foxfires
59 creatures vanquished.

Grand Total: 119 creatures vanquished

Notes
Turn   | Place    | Note
-------+----------+-------------------------------------------
     0 | D:1      | ReploidZero the Hill Orc Fire Elementalist began the quest
                  | for the Orb.
     0 | D:1      | Reached XP level 1. HP: 14/14 MP: 3/3
   136 | D:1      | Reached XP level 2. HP: 20/20 MP: 1/4
   513 | D:1      | Found a faded altar of an unknown god.
   553 | D:1      | Reached XP level 3. HP: 16/26 MP: 4/6
   556 | D:1      | Learned a level 2 spell: Scorch
   728 | D:1      | Learned a level 3 spell: Conjure Flame
   974 | D:2      | Reached skill level 4 in Fire Magic
  1302 | D:2      | Reached XP level 4. HP: 20/33 MP: 2/7
  1842 | D:2      | Identified the +5 rapier of Famomiba {venom, Fragile rElec
                  | Str+3 Dex+5}
  2292 | D:3      | Noticed Ijyb
  2294 | D:3      | Killed from afar by Ijyb

Illustrated notes

Levels and vault maps discovered:
D:1:      dpeg_arrival_orchard, layout_rooms,
          hellmonk_ecumenical_altar_slurped_away, minmay_misc_feat_alley
D:2:      layout_rooms, minmay_rat_gold_closets, uniq_crazy_yiuf_cottage
D:3:      layout_basic, minmay_misc_feat_enclosed, supply_closet_lemuel,
          minmay_strange_pillars, chequers_garden, kennysheep_jessica_study,
          uniq_ijyb

Skill      XL: |  1  2  3 |
---------------+----------+-----
Spellcasting   | 2 |  2.3
Conjurations   | 2 |  2.3
Fire Magic     | 4 |  4.2
Dodging        | |  1.5
Stealth        | |  1.6

Action                   |  1- 3 |  4- 6 || total
-------------------------+-------+-------++-------
Melee: Spear             |    55 |     9 ||    64
       Rapier            |       |    13 ||    13
 Cast: Foxfire           |    35 |     1 ||    36
       Scorch            |     2 |     8 ||    10
  Use: Scroll            |     3 |     2 ||     5
 Stab: Sleeping          |     1 |     5 ||     6
Armor: Robe              |    15 |       ||    15
Dodge: Dodged            |    46 |     9 ||    55

Table legend: (Time is in decaauts)
 A = Elapsed time spent in this place.
 B = Non-inter-level travel time spent in this place.
 C = Inter-level travel time spent in this place.
 D = Time resting spent in this place.
 E = Time spent auto-exploring this place.
 F = Levels seen in this place.
 G = Mean time per level.
                   A        B        C        D        E       F      G
               +--------+--------+--------+--------+--------+-----+--------+
         Total |   2301 |   2226 |     75 |      0 |   1836 |   3 |  767.0 |
       Dungeon |   2301 |   2226 |     75 |      0 |   1836 |   3 |  767.0 |
               +--------+--------+--------+--------+--------+-----+--------+

Top non-repeatable levels by time:
     D:2: 1105 daAuts
     D:1: 851 daAuts
     D:3: 345 daAuts
